 Dungeon Crawl Stone Soup version 0.24.0-7-gb3623d2c88 (webtiles) character file.

Game seed: 17873305624815632959, levelgen mode: classic

4302 EnegeticOcto the Cleaver (level 9, 0/71 HPs)
             Began as a Demigod Enchanter on Nov 2, 2019.
             Succumbed to an orc warrior's poison
             ... on level 7 of the Dungeon.
             The game lasted 00:17:29 (12602 turns).

EnegeticOcto the Cleaver (Demigod Enchanter)       Turns: 12602, Time: 00:17:29

Health: 0/71       AC: 17    Str: 18    XL:     9   Next: 86%
Magic:  14/14      EV: 19    Int: 21    God:
Gold:   410        SH:  8    Dex: 21    Spells: 6/11 levels left

rFire    . . .     SeeInvis .   y - +1 war axe
rCold    . . .     Gourm    +   w - +2 buckler {AC+3}
rNeg     . . .     Faith    .   B - +2 ring mail {MR+}
rPois    .         Spirit   .   i - +1 helmet
rElec    +         Reflect  .   (no cloak)
rCorr    .         Harm     .   h - +2 pair of gloves
MR       +....     Rnd*Rage +   j - +0 pair of boots
Stlth    +++.......             x - amulet of the gourmand
HPRegen  0.21/turn              n - +3 ring of strength
MPRegen  0.14/turn              (no ring)

@: agile, lethally poisoned (0 -> -14), berserk cooldown, slowed, very slow
A: berserk 1, high mp 1, electricity resistance
a: no special abilities


You were on level 7 of the Dungeon.
You were very full.

You visited 2 branches of the dungeon, and saw 8 of its levels.
You also visited: Sewer.

You collected 410 gold pieces.

Inventory:

Hand Weapons
 a - a +1 dagger
 g - a +0 dagger of speed
 m - a +0 short sword
 o - a +0 rapier
 y - a +1 war axe (weapon)
Missiles
 f - 5 atropa-tipped darts
 l - 37 poisoned darts (quivered)
 A - a throwing net {!f}
Armour
 h - a +2 pair of gloves (worn)
 i - a +1 helmet (worn)
 j - a +0 pair of boots (worn)
 w - a +2 buckler of protection (worn)
 B - a +2 ring mail of magic resistance (worn)
Jewellery
 n - a +3 ring of strength (left hand)
 x - an amulet of the gourmand (around neck)
Wands
 z - a wand of polymorph (18)
Scrolls
 c - a scroll of teleportation {@r3 !r}
 d - 3 scrolls of enchant armour
 k - a scroll of remove curse {@r2}
 p - 2 scrolls of fog {!r}
 r - a scroll of identify {@r1}
 s - a scroll of amnesia
Potions
 b - a potion of brilliance
 t - 8 potions of flight
Comestibles
 e - 13 rations
 v - 3 chunks of flesh


   Skills:
 + Level 4.3 Fighting
 - Level 1.6 Short Blades
 * Level 9.8 Axes
 + Level 3.6 Armour
 - Level 4.0 Dodging
 - Level 2.6 Stealth
 - Level 4.0 Shields
 - Level 1.7 Spellcasting
 - Level 3.7 Hexes
 - Level 2.2 Ice Magic


You had 6 spell levels left.
You knew the following spells:

 Your Spells              Type           Power        Failure   Level  Hunger
a - Corona                Hex            ###....      5%          1    #......
b - Ensorcelled Hibernat  Hex/Ice        ##....       12%         2    ###....
c - Confusing Touch       Hex            ###...       5%          1    #......
d - Apportation           Tloc           #.....       26%         1    #......

Your spell library contained the following spells:

 Spells                   Type           Power        Failure   Level  Hunger
 Confuse                  Hex            ###.....     17%         3    ###....
 Tukima's Dance           Hex            ###.....     17%         3    ###....
 Animate Skeleton         Necr           N/A          26%         1    #......
 Summon Small Mammal      Summ           #...         26%         1    #......
 Dazzling Spray           Conj/Hex       #.....       36%         3    ###....


Dungeon Overview and Level Annotations

Branches:
Dungeon (7/15)             Temple (1/1) D:4           Sewer (visited)


Innate Abilities, Weirdness & Mutations

You have an increased reservoir of magic. (+10% MP)
You tend to lose your temper in combat.
You are resistant to electric shocks. (rElec)


Message History

The orc priest miscasts a cantrip.
You closely miss the gnoll sergeant.
The gnoll sergeant is almost dead.
You hit the orc priest. You slash the orc warrior! You hit the orc wizard.
You hit the orc. You hit the centaur zombie. You hit the gnoll.
You kill the gnoll!
You feel sick.
The centaur zombie hits you but does no damage.
You block the gnoll sergeant's attack. You block the orc wizard's attack.
You block the centaur zombie's attack. The orc misses you.
You block the orc warrior's attack. The orc priest barely misses you.
Something hits you.
The gnoll sergeant hits you but does no damage.
The orc wizard barely misses you.
You barely miss the gnoll sergeant.
The gnoll sergeant is almost dead.
You hit the orc priest but do no damage.
You hit the orc warrior. You slash the orc wizard!
You kill the orc wizard!
You hit the orc.
You kill the orc!
You hit the centaur zombie but do no damage.
You barely miss something.
You feel sick.
The centaur zombie hits you but does no damage.
The orc priest misses you.
The orc warrior hits you with a +1 long sword of venom.
You are more poisoned.
The centaur zombie barely misses you. Something hits you but does no damage.
The gnoll sergeant misses you.
The orc priest hits you but does no damage.
The centaur zombie completely misses you.
Your magical contamination has completely faded away.
You hit the gnoll sergeant.
You kill the gnoll sergeant!
You hit the orc priest. You slash the orc warrior!
You slash the centaur zombie! You hit something.
You feel sick. You block the orc warrior's attack.
Something hits you but does no damage.
The centaur zombie hits you but does no damage.
The orc priest barely misses you. Something hits you but does no damage.
The orc warrior hits you with a +1 long sword of venom!
You are more poisoned.
The centaur zombie hits you but does no damage.
You are too injured to fight recklessly!
You are too injured to fight recklessly!
You are too injured to fight recklessly!
You are too injured to fight recklessly!
You are too injured to fight recklessly!
You are too injured to fight recklessly!
You are too injured to fight recklessly!
You are too injured to fight recklessly!
You closely miss the orc priest.
The orc priest is almost dead.
You hit the orc warrior.
You kill the orc warrior!
You hit the centaur zombie.
You destroy the centaur zombie!
You closely miss something.
You feel very sick.
The orc priest calls down the wrath of Beogh upon you.
Pain shoots through your body! Something hits you but does no damage.
You barely miss the orc priest.
The orc priest is almost dead.
You closely miss something.
* * * LOW HITPOINT WARNING * * *
You feel very sick. You block the orc priest's attack.
You block something's attack.
You hear some strange, mumbled words.
Something tries to affect you, but you resist.
The orc priest hits you but does no damage.
You hit the orc priest.
The orc priest is almost dead.
You closely miss something.
* * * LOW HITPOINT WARNING * * *
You feel very sick. Something hits you.
* * * LOW HITPOINT WARNING * * *
The orc priest hits you with a +0 club.
* * * LOW HITPOINT WARNING * * *
Okay, then.
You slice the orc priest!!
You kill the orc priest!
You hit something.
* * * LOW HITPOINT WARNING * * *
You feel very sick.
Something hits you but does no damage. x2
You miss something.
* * * LOW HITPOINT WARNING * * *
You feel very sick. Something hits you but does no damage.
Okay, then.
Really quaff
q - a potion of agility {@q5 !q}?
You feel agile all of a sudden.
* * * LOW HITPOINT WARNING * * *
You feel very sick. Something hits you but does no damage.
Something barely misses you.
You hit something.
* * * LOW HITPOINT WARNING * * *
You feel sick. Something completely misses you.
You barely miss something.
You die...

.#....##....###+######......'....
.'...........#.......#......#....
.#...........#)......#......#....
.####'##.....'†......#......#....
.# ..#....##.......#......#....
.# ..#....##.......#......#....
.'. ..#.....#.......#......#....
##.. ..#...=.#..)[...#......#....
.. ..#.....#.)@....#......#....
#))..##.)){...#......#....
.......#'#####.......# #....
.......#....#........+......#[...
.......#....##.......#......#...#
.......#....##.......#......#...#
.......#....##.......#......#...#
.......#....##.......#......#...#
.......#....# #......#...#


There were no monsters in sight!

Vanquished Creatures
  Harold (D:7)
  An ugly thing (D:7)
  Prince Ribbit (D:5)
  Sigmund (D:5)
  4 yaks (D:6)
  Duvessa (D:5)
  An ice beast (D:7)
  An orc warrior (D:7)
  A sky beast (D:6)
  A phantom (D:6)
  Blork the orc (D:5)
  A big kobold (D:5)
  3 bullfrogs
  A gnoll sergeant (D:7)
  Dowan (D:5)
  A water moccasin skeleton (D:7)
  8 killer bees
  A howler monkey (D:4)
  A crimson imp (D:6)
  A bullfrog zombie (D:6)
  A centaur zombie (D:7)
  A quasit (D:5)
  A bullfrog skeleton (D:7)
  4 orc priests
  A hound (D:4)
  5 orc wizards
  An iguana (D:4)
  Ijyb (D:3)
  2 worker ants
  3 gnolls (D:7)
  A howler monkey skeleton (D:4)
  6 adders
  A shadow imp (D:6)
  4 oozes (Sewer)
  An adder skeleton (D:4)
  An adder zombie (D:6)
  8 worms
  2 dart slugs (D:2)
  7 leopard geckos
  40 orcs
  4 ball pythons
  13 giant cockroaches
  7 goblins
  8 hobgoblins
  21 jackals
  4 quokkas
  9 bats
  8 frilled lizards
  13 kobolds
  6 rats
  A spectral orc (D:2)
217 creatures vanquished.

Vanquished Creatures (others)
  A giant cockroach (D:5)
  A bush (D:5)
  2 plants (D:5)
4 creatures vanquished.

Grand Total: 221 creatures vanquished

Notes
Turn   | Place    | Note
-------+----------+-------------------------------------------
     0 | D:1      | EnegeticOcto the Demigod Enchanter began the quest for the
                  | Orb.
     0 | D:1      | Reached XP level 1. HP: 14/14 MP: 5/5
   229 | D:1      | Reached skill level 1 in Fighting
   671 | D:1      | Reached XP level 2. HP: 23/23 MP: 7/7
   675 | D:1      | Learned a level 2 spell: Ensorcelled Hibernation
  1163 | D:1      | Found a stormy altar of Qazlal.
  1449 | D:1      | Found a burning altar of Makhleb.
  1449 | D:1      | Found a blossoming altar of Fedhas.
  1453 | D:1      | Found an opulent altar of Gozag.
  1453 | D:1      | Found a shimmering altar of Xom.
  1453 | D:1      | Found a white marble altar of Elyvilon.
  2042 | D:2      | Reached XP level 3. HP: 29/29 MP: 5/8
  2111 | D:2      | Found a basalt altar of Yredelemnul.
  2363 | D:2      | Reached skill level 1 in Ice Magic
  2366 | D:2      | Learned a level 1 spell: Confusing Touch
  2368 | D:2      | Learned a level 1 spell: Apportation
  2499 | D:2      | Found a snail-covered altar of Cheibriados.
  2941 | D:2      | Found a bloodstained altar of Trog.
  3169 | D:3      | Noticed Ijyb
  3188 | D:3      | Killed Ijyb
  3188 | D:3      | Reached skill level 1 in Short Blades
  3188 | D:3      | Reached XP level 4. HP: 16/36 MP: 6/9
  4598 | D:4      | Found a staircase to the Ecumenical Temple.
  4623 | D:4      | Found a hazy altar of Hepliaklqana.
  4625 | D:4      | Found a burning altar of Makhleb.
  4665 | D:4      | Found a glowing drain.
  4691 | Sewer    | Entered a sewer
  4697 | Sewer    | Reached XP level 5. HP: 41/41 MP: 10/10
  4720 | Sewer    | Reached skill level 1 in Axes
  5477 | Sewer    | Reached skill level 2 in Axes
  5841 | Temple   | Entered the Ecumenical Temple
  5966 | D:4      | Noticed a phantom
  6221 | D:4      | Gained mutation: You tend to lose your temper in combat.
                  | [potion of mutation]
  6221 | D:4      | Gained mutation: You are resistant to electric shocks.
                  | (rElec) [potion of mutation]
  6221 | D:4      | Gained mutation: You are weak. (Str -2) [potion of
                  | mutation]
  6221 | D:4      | Lost mutation: You are weak. (Str -2) [potion of mutation]
  6228 | D:4      | Reached skill level 1 in Shields
  6228 | D:4      | Reached XP level 6. HP: 48/48 MP: 11/11
  6236 | D:4      | Reached skill level 3 in Axes
  6702 | D:4      | Found an ancient bone altar of Kikubaaqudgha.
  6998 | D:5      | Entered Level 5 of the Dungeon
  7243 | D:5      | Noticed Blork the orc
  7252 | D:5      | Noticed Duvessa
  7259 | D:5      | Killed Blork the orc
  7259 | D:5      | Reached skill level 4 in Axes
  7275 | D:5      | You are sucked into a shaft and drop 2 floors!
  7413 | D:6      | Reached XP level 7. HP: 55/55 MP: 12/12
  7777 | D:5      | Noticed Sigmund
  7800 | D:5      | Killed Sigmund
  7800 | D:5      | Reached skill level 5 in Axes
  7964 | D:5      | Noticed Dowan
  7975 | D:5      | Killed Duvessa
  7976 | D:5      | Killed Dowan
  8027 | D:5      | Found a shattered altar of Ashenzari.
  8195 | D:5      | Reached skill level 6 in Axes
  8208 | D:5      | Reached XP level 8. HP: 36/61 MP: 13/13
  8239 | D:5      | HP: 3/61 [poisoned by a killer bee]
  8246 | D:5      | HP: 3/61 [poisoned by a killer bee]
  8254 | D:5      | HP: 2/61 [poisoned by a killer bee]
  8794 | D:5      | Noticed Prince Ribbit
  9664 | D:5      | Reached skill level 7 in Axes
  9871 | D:5      | Found a shattered altar of Ashenzari.
 10153 | D:5      | Killed Prince Ribbit
 10798 | D:6      | Found a shadowy altar of Dithmenos.
 10875 | D:6      | Found a stormy altar of Qazlal.
 10926 | D:6      | Reached skill level 8 in Axes
 11523 | D:6      | Reached skill level 1 in Armour
 11597 | D:6      | Reached XP level 9. HP: 68/68 MP: 14/14
 12038 | D:7      | Noticed Harold
 12076 | D:7      | Killed Harold
 12076 | D:7      | Reached skill level 9 in Axes
 12566 | D:7      | Noticed a red ugly thing
 12577 | D:7      | Killed a red ugly thing
 12600 | D:7      | HP: 3/71 [poisoned by an orc warrior]
 12601 | D:7      | HP: 1/71 [poisoned by an orc warrior]
 12602 | D:7      | Succumbed to an orc warrior's poison

Levels and vault maps discovered:
D:1:      lightli_arrival_isolated_outpost, layout_loops_ring,
          doesnt_xom_only_xom
D:2:      layout_basic, lightli_temple_of_fire, cheibriados_altar_1,
          yredelemnul_forgotten_temple_becter
D:3:      layout_basic, first_ration, uniq_ijyb
D:4:      layout_gridville, lemuel_zombie_altar_kikubaaqudgha, minitemple,
          minmay_temple_entry_trees, portal_sewer_entry_b
D:5:      layout_loops_corners, cheibrodos_ashenzari_chains,
          chequers_mini_garden, lexackson_kobold_supper, uniq_blork_the_orc,
          uniq_prince_ribbit1, uniq_sigmund, uniq_duvessa
D:6:      layout_loops_corners, kennysheep_little_box,
          nicolae_dithmenos_the_darkroom
D:7:      layout_gridville, uniq_harold
Temple:   zaba_magenta_temple

Skill      XL: |  1  2  3  4  5  6  7  8  9 |
---------------+----------------------------+-----
Fighting       | 1 2 4 |  4.3
Hexes          | 3 |  3.7
Ice Magic      | 1 2 |  2.2
Short Blades   | 1 |  1.6
Axes           | 2 4 6 8 9 |  9.8
Shields        | 1 2 3 4 |  4.0
Dodging        | 2 4 |  4.0
Armour         | 1 3 |  3.6
Stealth        | |  2.6
Spellcasting   | |  1.7

Action                   |  1- 3 |  4- 6 |  7- 9 || total
-------------------------+-------+-------+-------++-------
Melee: Dagger            |   124 |       |       ||   124
       Short sword       |    87 |       |       ||    87
       Rapier            |    17 |   117 |       ||   134
       War axe           |       |   245 |   479 ||   724
       Unarmed           |       |    14 |       ||    14
Throw: Dart              |       |       |    41 ||    41
       Throwing net      |       |       |     2 ||     2
 Cast: Corona            |     8 |       |       ||     8
       Ensorcelled Hiber |     7 |     2 |       ||     9
  Use: Scroll            |     3 |     7 |     7 ||    17
       Potion            |     1 |     7 |     7 ||    15
 Stab: Sleeping          |    10 |     7 |       ||    17
       Distracted        |     1 |       |       ||     1
       Invisible         |       |       |     3 ||     3
  Eat: Chunk             |     4 |    24 |    17 ||    45
       Ration            |     1 |       |       ||     1
Armor: Robe              |    49 |    38 |       ||    87
       Chain mail        |       |   258 |   216 ||   474
       Skin              |       |    31 |    16 ||    47
       Ring mail         |       |       |    86 ||    86
Dodge: Dodged            |   134 |   151 |   203 ||   488
Block: Buckler           |       |    60 |   219 ||   279
